 Dungeon Crawl Stone Soup version 0.30-a0-939-gc8157cb160 (webtiles) character file.

Game seed: 12651864046835438628

831 fozzywoppz the Shield-Bearer (level 8, -1/55 (64) HPs)
             Began as a Formicid Fighter on Mar 25, 2023.
             Slain by a yak (10 damage)
             ... on level 6 of the Dungeon.
             The game lasted 00:09:15 (4826 turns).

fozzywoppz the Shield-Bearer (Formicid Fighter)     Turns: 4826, Time: 00:09:16

HP:   -1/55 (64)    AC: 11    Str: 23    XL:     8   Next: 18%
MP:   8/8           EV:  8    Int:  8    God:
Gold: 287           SH:  5    Dex: 13    Spells: 7/7 levels left

rFire   . . .      SeeInvis +    a - +0 war axe
rCold   . . .      Faith    .    c - +0 buckler
rNeg    . . .      Spirit   .    v - +0 chain mail
rPois   .          Reflect  .    (helmet unavailable)
rElec   .          Rampage  .    (no cloak)
rCorr   .                        (no gloves)
Will    +....                    x - +0 pair of boots Stlth
                                 (no amulet)
HPRegen 0.29/turn                p - ring of willpower
MPRegen 0.11/turn                (no ring)

@: heavily drained
A: permanent stasis, dig shafts and tunnels, antennae 3, four strong arms
a: Dig, Shaft Self


You were on level 6 of the Dungeon.
You visited 2 branches of the dungeon, and saw 7 of its levels.

You collected 287 gold pieces.

Inventory:

Hand Weapons
 a - a +0 war axe (weapon)
Armour
 c - a +0 buckler (worn)
 f - a +0 plate armour
 v - a +0 chain mail (worn)
 x - a +0 pair of boots (worn)
Jewellery
 p - a ring of willpower (left hand)
Scrolls
 h - a scroll of fear {unknown}
 j - a scroll of poison
 k - 5 scrolls of blinking
 l - a scroll of vulnerability {unknown}
 m - a scroll of acquirement {unknown}
 n - 2 scrolls of enchant weapon {unknown}
 r - 2 scrolls of torment {unknown}
 y - a scroll of immolation {unknown}
 A - a scroll of magic mapping {unknown}
Potions
 b - 3 potions of mutation
 d - a potion of might
 e - 2 potions of cancellation
 g - 2 potions of flight
 i - 3 potions of degeneration
 o - a potion of attraction {unknown}
 q - 3 potions of curing
 s - a potion of magic {unknown}
 t - 2 potions of heal wounds {unknown}
 w - a potion of invisibility {unknown}
 z - a potion of brilliance {unknown}


   Skills:
 + Level 5.7 Fighting
 + Level 4.7 Axes
 + Level 5.6 Armour
 + Level 2.1 Dodging
 - Level 6.0 Shields


You had 7 spell levels left.
You didn't know any spells.
Your spell library contained the following spells:

 Spells                   Type           Power      Damage    Failure   Level
 Cigotuvi's Dreadful Rot  Necr/Pois/Air  0%         N/A       99%         2
 Lesser Beckoning         Tloc           0%         N/A       99%         2
 Momentum Strike          Conj/Tloc      0%         3d8       99%         2
 Ignite Poison            Fire/Tmut/Pois 0%         N/A       100%        3
 Inner Flame              Hex/Fire       0%         N/A       100%        3
 Kindle Blastsparks       Fire/Tloc/Air  0%         2d10      100%        3
 Summon Guardian Golem    Hex/Summ       0%         N/A       100%        3
 Dispel Undead            Necr           0%         3d6       100%        4
 Borgnjor's Vile Clutch   Necr/Erth      0%         N/A       100%        5
 Freezing Cloud           Conj/Ice/Air   0%         6-21      100%        5
 Death Channel            Necr           0%         N/A       100%        6
 Malign Gateway           Summ/Tloc      0%         N/A       100%        7
 Summon Horrible Things   Summ           0%         N/A       100%        8
 Blink                    Tloc           Unusable   N/A       N/A         2

Dungeon Overview and Level Annotations

Branches:
Dungeon (6/15)             Temple (1/1) D:6

Altars:
Ashenzari
Dithmenos
Elyvilon
Fedhas
Hepliaklqana
Kikubaaqudgha
Makhleb
Nemelex Xobeh
Qazlal
Ru
Sif Muna
Trog
Uskayaw
Wu Jian
Yredelemnul
Zin
The Shining One


Innate Abilities, Weirdness & Mutations

You cannot be hasted, slowed, berserked, paralysed or teleported.
You can dig through walls and to a lower floor.
You have a pair of large antennae on your head. (SInv)
Your four strong arms can wield two-handed weapons with a shield.


Message History

The yak gores you!
You barely miss the yak.
The yak is moderately wounded.
The yak gores you but does no damage. x2
You hit the yak but do no damage.
The yak is moderately wounded.
The yak gores you!
You hit the yak but do no damage.
The yak is moderately wounded.
The yak misses you.
You hit the yak but do no damage.
The yak is moderately wounded.
The yak gores you but does no damage.
You slash the yak!
The yak is moderately wounded.
The yak attacks as you move away! You block the yak's attack.
The yak gores you.
You see here a hound corpse.
The yak attacks as you move away! The yak gores you but does no damage.
The yak attacks as you move away! The yak completely misses you.
The yak attacks as you move away! The yak gores you!
A black bear comes into view.
The black bear growls angrily.
You extend your mandibles.
You dig through the rock wall.
You feel drained.
You dig through the rock wall.
You feel drained.
You dig through the rock wall.
You feel drained.
You dig through the rock wall.
You feel drained. The yak attacks as you move away! The yak gores you.
Found a stone staircase leading down.
You retract your mandibles.
You hit the yak.
The yak is lightly wounded.
The yak gores you.
* * * LOW HITPOINT WARNING * * *
You barely miss the yak.
The yak is lightly wounded.
The yak gores you!
* * * LOW HITPOINT WARNING * * *
You feel better. The yak gores you!
You die...

#... ... #...
..#. #.... .....
..... ....# #...
...... ......
....
......###....
....# ..>.......#
....# ... #@#.#
.....# ..###
#Y#.####......
.....##Y#.......#
#+####
#.#..hY#.......+
#.....
#.h#...Y#......#
#.....
##.####........#
#.....
#..####.......#
#.....
#.Y.##...#....#
#.....
#.#†Y...###...#


You could see 4 yaks and a black bear.

Vanquished Creatures
  A kobold brigand (D:5)
  A phantom (D:4)
  4 scorpions
  A howler monkey (D:5)
  A jelly (D:4)
  A hound (D:6)
  2 orc priests (D:5)
  2 sleepcaps
  An iguana (D:5)
  Jessica (D:2)
  An orc wizard (D:5)
  3 adders
  An ufetubus (D:5)
  4 worms
  7 dart slugs
  11 orcs
  7 endoplasms
  3 giant cockroaches
  4 goblins
  5 hobgoblins
  13 jackals
  12 kobolds
  5 ball pythons
  7 bats
  2 frilled lizards (D:1)
  4 rats
104 creatures vanquished.

Vanquished Creatures (others)
  An orc wizard (D:5)
1 creature vanquished.

Grand Total: 105 creatures vanquished

Notes
Turn   | Place    | Note
-------+----------+-------------------------------------------
     0 | D:1      | fozzywoppz the Formicid Fighter began the quest for the
                  | Orb.
     0 | D:1      | Reached XP level 1. HP: 18/18 MP: 1/1
     5 | D:1      | Got Sif Muna's Omnibus of Lethal Hexing
   112 | D:1      | Reached XP level 2. HP: 15/24 MP: 2/2
   457 | D:1      | Reached XP level 3. HP: 21/29 MP: 3/3
  1544 | D:2      | Reached XP level 4. HP: 37/37 MP: 4/4
  1557 | D:2      | Noticed Jessica
  1564 | D:2      | Killed Jessica
  1664 | D:2      | Identified the +5 hand axe of Geil {pain, rElec Will-
                  | rCorr}
  2132 | D:3      | Reached skill level 5 in Shields
  2179 | D:3      | Reached XP level 5. HP: 34/42 MP: 5/5
  2678 | D:3      | Found a faded altar of an unknown god.
  3180 | D:4      | Noticed a phantom
  3203 | D:4      | Killed a phantom
  3204 | D:4      | Reached XP level 6. HP: 47/49 MP: 6/6
  3222 | D:4      | Noticed a water elemental
  3224 | D:4      | Found a stormy altar of Qazlal.
  3225 | D:4      | Noticed an air elemental
  3225 | D:4      | Noticed a fire elemental
  3653 | D:5      | Entered Level 5 of the Dungeon
  3676 | D:5      | Reached skill level 6 in Shields
  3676 | D:5      | Reached XP level 7. HP: 46/55 MP: 7/7
  3879 | D:5      | Reached skill level 5 in Fighting
  3879 | D:5      | Reached skill level 5 in Armour
  4141 | D:5      | Reached skill level 1 in Dodging
  4571 | D:5      | Reached XP level 8. HP: 56/63 MP: 8/8
  4609 | D:6      | Found a staircase to the Ecumenical Temple.
  4634 | Temple   | Entered the Ecumenical Temple
  4798 | D:6      | Noticed a yak
  4798 | D:6      | Noticed a yak
  4798 | D:6      | Noticed a yak
  4798 | D:6      | Noticed a yak
  4826 | D:6      | Slain by a yak

Illustrated notes

Levels and vault maps discovered:
D:1:      amcnicky_arrival_abandoned_market, layout_loops_corners,
          minmay_octomino_c4
D:2:      layout_basic, roderic_lattice_a, kennysheep_pointless_box,
          uniq_jessica
D:3:      layout_loops_ring, ebering_ecumenical_altar_mist, saegor_snake_ambush
D:4:      layout_cave_pods, nicolae_qazlal_style_of_elements,
          minmay_misc_feat_chi, kennysheep_dice
D:5:      layout_basic
D:6:      layout_basic, minmay_temple_entry_wispy, hex_tiny,
          kennysheep_generic_room_14
Temple:   nicolae_temple_x_marks_the_god

Skill      XL: |  1  2  3  4  5  6  7  8 |
---------------+-------------------------+-----
Fighting       | 4 5 |  5.7
Armour         | 4 5 |  5.6
Shields        | 5 6 |  6.0
Axes           | 3 4 |  4.7
Dodging        | 1 2 |  2.1

Action                     |  1- 3 |  4- 6 |  7- 9 || total
---------------------------+-------+-------+-------++-------
  Melee: War axe           |    99 |   133 |   117 ||   349
Ability: Dig               |       |       |     1 ||     1
    Use: Scroll            |       |     7 |     1 ||     8
         Potion            |       |       |     1 ||     1
 Armour: Scale mail        |    43 |    31 |       ||    74
         Chain mail        |       |    44 |    51 ||    95
  Dodge: Dodged            |    53 |    67 |    38 ||   158
  Block: Buckler           |    35 |    27 |    33 ||    95

Table legend: (Time is in decaauts)
 A = Elapsed time spent in this place.
 B = Non-inter-level travel time spent in this place.
 C = Inter-level travel time spent in this place.
 D = Time resting spent in this place.
 E = Time spent auto-exploring this place.
 F = Levels seen in this place.
 G = Mean time per level.
                   A        B        C        D        E       F      G
               +--------+--------+--------+--------+--------+-----+--------+
         Total |   4970 |   4817 |    153 |    111 |   3455 |   7 |  710.0 |
       Dungeon |   4880 |   4727 |    153 |    111 |   3452 |   6 |  813.3 |
        Temple |     89 |     89 |      0 |      0 |      3 |   1 |   89.0 |
               +--------+--------+--------+--------+--------+-----+--------+

Top non-repeatable levels by time:
     D:1: 1211 daAuts
     D:5: 988 daAuts
     D:3: 930 daAuts
     D:2: 809 daAuts
     D:4: 806 daAuts
     D:6: 134 daAuts
  Temple: 89 daAuts
